 Dungeon Crawl Stone Soup version 0.24-a0-778-g74da537585 (webtiles) character file.

Game seed: 9161172620303562643, levelgen mode: deterministic

43 Arixos the Magician (level 3, 0/19 HPs)
             Began as a Deep Elf Wizard on Oct 7, 2019.
             Succumbed to an adder's poison
             ... on level 2 of the Dungeon.
             The game lasted 00:07:11 (1985 turns).

Arixos the Magician (Deep Elf Wizard)               Turns: 1985, Time: 00:07:12

Health: 0/19       AC:  2    Str:  9    XL:     3   Next: 37%
Magic:  1/11       EV: 13    Int: 23    God:
Gold:   108        SH:  0    Dex: 13    Spells: 0/11 levels left

rFire    . . .     SeeInvis .   c - +0 dagger
rCold    . . .     Gourm    .   (no shield)
rNeg     . . .     Faith    .   a - +0 robe
rPois    .         Spirit   .   b - +0 hat
rElec    .         Reflect  .   (no cloak)
rCorr    .         Harm     .   (no gloves)
MR       .....                  (no boots)
Stlth    ++........             (no amulet)
HPRegen  0.06/turn              (no ring)
MPRegen  0.12/turn              (no ring)

@: mighty, lethally poisoned (0 -> -2), very slightly contaminated
A: no striking features
a: no special abilities


You were on level 2 of the Dungeon.
You were not hungry.

You visited 1 branch of the dungeon, and saw 2 of its levels.

You collected 108 gold pieces.

Inventory:

Hand Weapons
 c - a +0 dagger (weapon)
Armour
 a - a +0 robe (worn)
 b - a +0 hat (worn)
Potions
 e - a potion of might
Comestibles
 d - 4 rations
 f - 2 chunks of flesh


   Skills:
 + Level 3.1 Dodging
 - Level 2.4 Stealth
 + Level 4.9 Spellcasting
 + Level 2.1 Conjurations
 + Level 1.3 Summonings
 + Level 1.3 Translocations
 + Level 0.3 Fire Magic
 + Level 0.1 Air Magic
 + Level 0.1 Poison Magic


You couldn't memorise any spells.
You knew the following spells:

 Your Spells              Type           Power        Failure   Level  Hunger
a - Magic Dart            Conj           ###.         4%          1    None
c - Mephitic Cloud        Conj/Pois/Air  #.......     21%         3    ##.....
e - Blink                 Tloc           N/A          9%          2    None
f - Conjure Flame         Conj/Fire      ##......     17%         3    ##.....
i - Call Imp              Summ           ##......     9%          2    None

Your spell library contained the following spells:

 Spells                   Type           Power        Failure   Level  Hunger
 Slow                     Hex            #.......     14%         2    None


Dungeon Overview and Level Annotations

Branches:
Dungeon (2/15)

Altars:
Elyvilon
Yredelemnul


Message History

r - Retreat! s - Stop attacking. g - Guard the area. f - Follow me.
Anything else - Cancel.
Okay, then.
What are your orders? t - Shout!
Orders for allies: a - Attack new target. r - Retreat! s - Stop attacking. g - Guard the area. f - Follow me.
Anything else - Cancel.
You shout for attention!
* * * LOW HITPOINT WARNING * * *
You feel sick.
* * * LOW HITPOINT WARNING * * *
You feel sick.
Found a basalt altar of Yredelemnul.
A goblin comes into view. It is wielding a +0 dagger.
A hobgoblin comes into view. It is wielding a +0 club.
The goblin shouts!
You die...

#....#.#.# *,,,,,,,**,,,,,,,,
####÷#.#.# *,,..g..##,,,,,,**
#.#.#.# *,,....g.#,,*,,,,*
#.#.#.# ***..P.P.#,,,,,*,,
#§#.#.##### *..._...,,,,,,,*
#.#.......## *..P.P..,,,,*,**
#.###.#....####.......,,,,*,*
**##.....#.#.............,,,,*,*
................@........,,,,,,*
#######............######*******
##############


You could see a hobgoblin (wandering) and a goblin.

Vanquished Creatures
  An adder (D:2)
  A leopard gecko (D:1)
  A giant cockroach (D:1)
  5 hobgoblins
  3 jackals
  6 kobolds
  9 bats
  4 frilled lizards (D:1)
  A goblin (D:2)
  2 rats (D:1)
33 creatures vanquished.

Vanquished Creatures (collateral kills)
  A jackal (D:1)
1 creature vanquished.

Vanquished Creatures (others)
  A dart slug (D:1)
1 creature vanquished.

Grand Total: 35 creatures vanquished

Notes
Turn   | Place    | Note
-------+----------+-------------------------------------------
     0 | D:1      | Arixos the Deep Elf Wizard began the quest for the Orb.
     0 | D:1      | Reached XP level 1. HP: 10/10 MP: 7/7
   234 | D:1      | Reached XP level 2. HP: 15/15 MP: 2/9
   304 | D:1      | Learned a level 2 spell: Blink
   307 | D:1      | Learned a level 2 spell: Call Imp
  1143 | D:1      | Reached XP level 3. HP: 19/19 MP: 4/11
  1201 | D:1      | Learned a level 3 spell: Conjure Flame
  1205 | D:1      | Learned a level 3 spell: Mephitic Cloud
  1899 | D:2      | Found a white marble altar of Elyvilon.
  1981 | D:2      | Found a basalt altar of Yredelemnul.
  1985 | D:2      | Succumbed to an adder's poison

Levels and vault maps discovered:
D:1:      dpeg_arrival_windows_large_door, layout_basic, hangedman_glass_teeth,
          lemuel_flame_loot_1
D:2:      layout_loops_ring, nicolae_overflow_crystal_walls, elyvilon_altar_4,
          minmay_misc_feat_enclosed, yredelemnul_altar_generic

Skill      XL: |  1  2 |
---------------+-------+-----
Dodging        | 3 |  3.1
Conjurations   | 2 |  2.1
Stealth        | |  2.4
Spellcasting   | |  4.9
Summonings     | |  1.3
Translocations | |  1.3
Fire Magic     | |  0.3
Air Magic      | |  0.1
Poison Magic   | |  0.1

Action                   || total
-------------------------++-------
Melee: Dagger            ||    29
 Cast: Magic Dart        ||    77
       Call Imp          ||     3
       Blink             ||     3
  Use: Scroll            ||     2
       Potion            ||     1
  Eat: Chunk             ||     3
Armor: Robe              ||    10
Dodge: Dodged            ||    35

Table legend:
 A = Non-vault XP
 B = Vault XP
 C = Vault XP percentage of total XP
 D = Non-vault monster count
 E = Vault monster count
 F = Vault count percentage of total count
                 A         B        C        D         E       F
            +---------+---------+-------+---------+---------+-------
      Total |      62 |       0 |   0.0 |      34 |       0 |   0.0
            +---------+---------+-------+---------+---------+-------
        D:1 |      40 |       0 |   0.0 |      27 |       0 |   0.0
        D:2 |      22 |       0 |   0.0 |       7 |       0 |   0.0
            +---------+---------+-------+---------+---------+-------
